 Dungeon Crawl Stone Soup version 0.30-a0-177-g1cb5dbfd7a (webtiles) character file.

Game seed: 5692171504724624459

67 Kavash the Grave Robber (level 4, -4/32 HPs)
             Began as a Demonspawn Necromancer on Oct 2, 2022.
             Slain by Natasha (6 damage)
             ... on level 3 of the Dungeon.
             The game lasted 00:05:24 (2141 turns).

Kavash the Grave Robber (Demonspawn Necromancer)    Turns: 2141, Time: 00:05:25

Health: -4/32      AC:  4    Str: 11    XL:     4   Next: 0%
Magic:  6/7        EV: 12    Int: 22    God:
Gold:   112        SH:  0    Dex: 13    Spells: 6/7 levels left

rFire   . . .      SeeInvis .    f - +0 whip (venom)
rCold   . . .      Faith    .    (no shield)
rNeg    . . .      Spirit   .    c - +0 leather armour
rPois   .          Reflect  .    (no helmet)
rElec   .          Harm     .    n - +0 cloak
rCorr   .          Rampage  .    (no gloves)
Will    .....                    (no boots)
Stlth   +.........               (no amulet)
HPRegen 0.25/turn                e - +6 ring of intelligence
MPRegen 0.10/turn                (no ring)

@: silenced
A: hooves 2
a: no special abilities


You were on level 3 of the Dungeon.
You visited 1 branch of the dungeon, and saw 3 of its levels.

You collected 112 gold pieces.

Inventory:

Hand Weapons
 f - a +0 whip of venom (weapon)
Armour
 c - a +0 leather armour (worn)
 n - a +0 cloak (worn)
Jewellery
 e - a +6 ring of intelligence (left hand)
Scrolls
 d - a scroll of vulnerability
Potions
 a - 2 potions of degeneration {unknown}
 b - a potion of magic
 g - a potion of curing
 i - a potion of lignification {unknown}
 j - a potion of resistance {unknown}
 o - 2 potions of brilliance {unknown}


   Skills:
 + Level 1.0 Fighting
 + Level 0.4 Maces & Flails
 + Level 0.7 Armour
 + Level 2.2 Dodging
 + Level 2.2 Stealth
 + Level 2.2 Spellcasting
 * Level 5.0 Necromancy


You had 6 spell levels left.
You knew the following spells:

 Your Spells              Type           Power      Damage    Failure   Level
a - Necrotise             Necr           96%        1d8       2%          1

Your spell library contained the following spells:

 Spells                   Type           Power      Damage    Failure   Level
 Vampiric Draining        Necr           24%        2d7       7%          3
 Magic Dart               Conj           8%         1d3       19%         1
 Slow                     Hex            8%         N/A       19%         1
 Animate Dead             Necr           24%        N/A       22%         4
 Blink                    Tloc           4%         N/A       26%         2
 Call Imp                 Summ           2%         N/A       26%         2
 Momentum Strike          Conj/Tloc      4%         3d8       26%         2
 Confusing Touch          Hex            2%         N/A       47%         3
 Lesser Beckoning         Tloc           2%         N/A       47%         3
 Mephitic Cloud           Conj/Pois/Air  2%         N/A       47%         3
 Agony                    Necr           24%        N/A       54%         5


Dungeon Overview and Level Annotations

Branches:
Dungeon (3/15)

Altars:

Annotations:
D:3 Jessica, Natasha


Innate Abilities, Weirdness & Mutations

You have hoof-like feet.


Message History

Confirm with . or Enter, or press ? or * to list all spells.
Aiming: Necrotise (safe; 2% risk of failure)
Press: ? - help, Shift-Dir - straight line, f - Natasha
Aim: Natasha (chance to affect: 83%)
Okay, then.
You completely miss Natasha.
Jessica shouts!
Your kick misses Natasha. Natasha casts a spell at you.
The magic dart hits you!
You closely miss Natasha. You kick Natasha, but do no damage.
Natasha claws you!
You hit Natasha but do no damage. You kick Natasha.
Natasha is lightly wounded.
Natasha claws you.
You barely miss Natasha. Your kick misses Natasha.
Natasha is lightly wounded.
Natasha stares at you and mumbles some strange words.
The magic dart hits you!
* * * LOW HITPOINT WARNING * * *
Casting: Necrotise (safe; 2% risk of failure)
Confirm with . or Enter, or press ? or * to list all spells.
Aiming: Necrotise (safe; 2% risk of failure)
Press: ? - help, Shift-Dir - straight line, f - Natasha
Aim: Natasha (lightly wounded, chance to affect: 83%) Natasha writhes in agony!
Natasha drinks a potion.
Natasha is healed!
You hear a zap.
You hear a grinding noise.
Things that are here:
a +0 leather armour; a jackal corpse
As you read the scroll of silence, it crumbles to dust.
A profound silence engulfs you. Natasha barely misses you.
The white imp hits you.
* * * LOW HITPOINT WARNING * * *
The white imp freezes you.
* * * LOW HITPOINT WARNING * * *
You closely miss Natasha.
Natasha is lightly wounded.
The white imp disappears in a puff of smoke!
Natasha claws you.
You die...

#(......###.#
####.[.<....#
.......(.######
#
#######........
#. #.
#.........
###.##.
##..######.
#......
#........#
#..###...####.#
#.h@)....#
#†§###.#.#
..... #.#...
####.@ #.###.#
#.. #.# ...
.... ..# #..
..... ..# ..
........#


You could see Natasha and Jessica.

Vanquished Creatures
  An iguana (D:2)
  2 worms (D:2)
  An orc (D:3)
  4 ball pythons (D:1)
  A bat (D:2)
  2 endoplasms
  2 giant cockroaches
  3 goblins (D:1)
  4 hobgoblins (D:1)
  5 jackals
  3 quokkas
  A frilled lizard (D:1)
  2 rats (D:1)
31 creatures vanquished.

Notes
Turn   | Place    | Note
-------+----------+-------------------------------------------
     0 | D:1      | Kavash the Demonspawn Necromancer began the quest for the
                  | Orb.
     0 | D:1      | Reached XP level 1. HP: 13/13 MP: 3/3
   378 | D:1      | Found a faded altar of an unknown god.
   395 | D:1      | Gained mutation: You have large cloven feet. [demonic
                  | ancestry]
   395 | D:1      | Reached XP level 2. HP: 13/19 MP: 1/5
  1060 | D:2      | Reached XP level 3. HP: 25/25 MP: 1/6
  2122 | D:3      | Reached skill level 1 in Fighting
  2128 | D:3      | Noticed Natasha
  2132 | D:3      | Reached skill level 5 in Necromancy
  2132 | D:3      | Gained mutation: You have hoof-like feet. [demonic
                  | ancestry]
  2132 | D:3      | Reached XP level 4. HP: 28/32 MP: 7/7
  2133 | D:3      | Noticed Jessica
  2140 | D:3      | HP: 1/32 [white imp[Natasha] (2)]
  2141 | D:3      | Slain by Natasha

Illustrated notes

Levels and vault maps discovered:
D:1:      onia_arrival_mini_maze, layout_basic, ebering_ecumenical_altar_hall
D:2:      layout_basic
D:3:      layout_loops_ring, nicolae_overflow_hidden_temple, uniq_grinder,
          uniq_natasha, uniq_jessica

Skill      XL: |  1  2  3 |
---------------+----------+-----
Stealth        | 2 |  2.2
Dodging        | 2 |  2.2
Fighting       | 1 |  1.0
Necromancy     | 5 |  5.0
Maces & Flails | |  0.4
Armour         | |  0.7
Spellcasting   | |  2.2

Action                   |  1- 3 |  4- 6 || total
-------------------------+-------+-------++-------
Melee: Unarmed           |    37 |       ||    37
       Kick              |     5 |     2 ||     7
       Whip              |    17 |     5 ||    22
 Cast: Necrotise         |    50 |     1 ||    51
  Use: Scroll            |     5 |     1 ||     6
Armor: Leather armour    |    13 |       ||    13
Dodge: Dodged            |    49 |     1 ||    50

Table legend: (Time is in decaauts)
 A = Elapsed time spent in this place.
 B = Non-inter-level travel time spent in this place.
 C = Inter-level travel time spent in this place.
 D = Time resting spent in this place.
 E = Time spent auto-exploring this place.
 F = Levels seen in this place.
 G = Mean time per level.
                   A        B        C        D        E       F      G
               +--------+--------+--------+--------+--------+-----+--------+
         Total |   2140 |   1996 |    144 |     29 |   1680 |   3 |  713.3 |
       Dungeon |   2140 |   1996 |    144 |     29 |   1680 |   3 |  713.3 |
               +--------+--------+--------+--------+--------+-----+--------+

Top non-repeatable levels by time:
     D:1: 1049 daAuts
     D:2: 1045 daAuts
     D:3: 45 daAuts
